 Dungeon Crawl Stone Soup version 0.29.0-4-gdea44cf6ec (webtiles) character file.

Game seed: 77943941136262942

2718 qw the Grappler (level 9, -7/85 HPs)
             Began as a Troll Cinder Acolyte on Sept 3, 2022.
             Was an Elder of Ignis.
             Mangled by Erica
             ... wielding a +4 scimitar of flaming
              (8 damage)
             ... on level 8 of the Dungeon.
             The game lasted 00:03:18 (6149 turns).

qw the Grappler (Troll Cinder Acolyte)              Turns: 6149, Time: 00:03:19

Health: -7/85      AC: 11    Str: 28    XL:     9   Next: 39%
Magic:  9/9        EV:  9    Int: 10    God:    Ignis [****..]
Gold:   439        SH:  0    Dex:  5    Spells: 10/10 levels left

rFire   + + .      SeeInvis .     - Unarmed
rCold   . . .      Faith    .   (no shield)
rNeg    . . .      Spirit   .   i - +0 robe {rF+}
rPois   .          Reflect  .   (helmet restricted)
rElec   .          Harm     .   (no cloak)
rCorr   .          Rampage  .   (gloves unavailable)
Will    +....                   (boots unavailable)
Stlth   +.........              (no amulet)
HPRegen 1.04/turn               j - ring of willpower
MPRegen 0.11/turn               (no ring)

@: lethally poisoned (-7 -> -9), fiery-armoured, slowed, very slow
A: large, unfitting armour, claws 3, regeneration 1, shaggy fur 1, tough skin 1
a: Renounce Religion, Fiery Armour, Foxfire Swarm, Rising Flame


You were on level 8 of the Dungeon.
You worshipped Ignis.
Ignis was greatly pleased with you.
You visited 1 branch of the dungeon, and saw 8 of its levels.

You collected 530 gold pieces.
You spent 91 gold pieces at shops.


Innate Abilities, Weirdness & Mutations

You are too large for most types of armour.
You have claws for hands.
Your natural rate of healing is unusually fast.
You are covered in fur. (AC +1)
You have tough skin. (AC +1)


   Skills:
 + Level 4.3 Fighting
 - Level 1.9 Throwing
 - Level 1.1 Dodging
 - Level 12.1 Unarmed Combat
 - Level 1.0 Spellcasting
 - Level 2.1 Fire Magic


You had 10 spell levels left.
You didn't know any spells.
Your spell library contained the following spells:

 Spells                   Type           Power      Damage    Failure   Level
 Scorch                   Fire           8%         2d5       22%         2

Inventory:

Missiles
 l - 2 boomerangs (quivered)
Armour
 a - a +0 cloak
 i - a +0 robe of fire resistance (worn)
Jewellery
 e - an amulet of guardian spirit
 j - a ring of willpower (left claw)
Scrolls
 b - 3 scrolls of identify
 d - a scroll of enchant armour
 f - 3 scrolls of enchant weapon
Potions
 c - a potion of haste
 g - a potion of cancellation
 k - 4 potions of curing
 p - a potion of might

Dungeon Overview and Level Annotations

Branches:
Dungeon (8/15)             Temple (0/1) D:5
   Lair: D:8-11

Altars:
Ashenzari
Elyvilon
Makhleb
Qazlal
Sif Muna
Uskayaw
Wu Jian
Xom

Shops:
D:4 =   D:6 **

Annotations:
D:5 3 runed translucent doors, qw's ghost, amateur TeWr
D:8 Erica


Message History

The killer bee is burned by your cloak of flames.
You kill the killer bee!
6146 ||| DRINKING potion of heal wounds.
You feel much better.
You feel extremely sick. Erica closely misses you.
The yak gores you but does no damage.
The yak is burned by your cloak of flames.
The yak is heavily wounded.
The yak gores you.
The yak is burned by your cloak of flames.
The yak is heavily wounded.
Erica hits you with a +4 scimitar of flaming!
Erica burns you.
Erica is burned by your cloak of flames.
Erica is lightly wounded.
You barely miss the yak.
The yak is heavily wounded.
You feel very sick.
Erica points at you and mumbles some strange words.
You resist with almost no effort. The yak gores you but does no damage.
The yak is burned by your cloak of flames.
The yak is lightly wounded.
The yak closely misses you.
You scratch the yak.
The yak is heavily wounded.
You feel very sick.
Erica hits you with a +4 scimitar of flaming!
Erica is burned by your cloak of flames.
Erica is lightly wounded.
The yak gores you but does no damage.
The yak is burned by your cloak of flames.
The yak is lightly wounded.
The yak gores you!
The yak is burned by your cloak of flames.
The yak is severely wounded.
You scratch the yak.
The yak is severely wounded.
You feel sick.
Erica hits you with a +4 scimitar of flaming!
You die...

.. ## #.#####.## #
#........####### .#
#.#..............# .
.................## .#
..................# ..##
..........#.......##....
......@@.##.# #......#.#
......YY....# #...[....#
#..###..###.###.#.#..#.#
. .....###.....#.#..#
.............###.#..###
......######## #.#.....
#.#### #.)).... #.
###.#### #<#


You could see Erica and 2 yaks.

Vanquished Creatures
  4 yaks
  3 water moccasins
  An orc warrior (D:7)
  An ogre (D:5)
  4 centaurs
  A necrophage (D:6)
  2 bullfrogs
  2 scorpions
  3 wights (D:6)
  3 killer bees (D:8)
  A howler monkey (D:7)
  An electric eel (D:7)
  6 hounds
  A jelly (D:7)
  An orc priest (D:8)
  2 iguanas
  3 orc wizards
  Robin (D:4)
  5 adders
  7 gnolls
  A shadow imp (D:6)
  2 white imps (D:7)
  6 worms
  6 dart slugs
  22 orcs
  6 ball pythons
  5 bats
  13 endoplasms
  4 giant cockroaches
  14 goblins
  9 hobgoblins
  8 jackals
  4 quokkas
  5 frilled lizards
  6 kobolds
  5 rats (D:1)
168 creatures vanquished.

Notes
Turn   | Place    | Note
-------+----------+-------------------------------------------
     0 | D:1      | qw the Troll Cinder Acolyte began the quest for the Orb.
     0 | D:1      | Reached XP level 1. HP: 22/22 MP: 1/1
     0 | D:1      | 0 ||| qw: Version: 0.1-a-100-g36b9a1f
     0 | D:1      | 0 ||| qw: Game counter: 5039
     0 | D:1      | 0 ||| qw: Always use a shield: true
     0 | D:1      | 0 ||| qw: God list: Okawaru
     0 | D:1      | 0 ||| qw: Allow faded altars: false
     0 | D:1      | 0 ||| qw: Do Orc after D:15 true
     0 | D:1      | 0 ||| qw: Do second Lair branch before Depths: true
     0 | D:1      | 0 ||| qw: Lair rune preference: random
     0 | D:1      | 0 ||| qw: Plans: Normal
     0 | D:1      | 0 ||| PLANNING D:1-11
     1 | D:1      | Found a runed translucent door.
    86 | D:1      | 86 ||| Stepping ~*~*~tactically~*~*~ (outnumbered).
   131 | D:1      | Reached XP level 2. HP: 29/29 MP: 2/2
   444 | D:1      | You fall into a shaft and drop 1 floor!
   500 | D:2      | 500 ||| Stepping ~*~*~tactically~*~*~ (stealth).
   507 | D:2      | Reached skill level 4 in Unarmed Combat
   536 | D:2      | Found a faded altar of an unknown god.
   686 | D:2      | Reached XP level 3. HP: 36/36 MP: 3/3
   687 | D:2      | 687 ||| Stepping ~*~*~tactically~*~*~ (hiding).
   688 | D:2      | 688 ||| Stepping ~*~*~tactically~*~*~ (hiding).
  1068 | D:2      | 1068 ||| READING scroll labelled BYECRE CILOENG.
  1069 | D:2      | 1069 ||| READING 2 scrolls labelled ORAPTOWKOKAU.
  1070 | D:2      | 1070 ||| READING scroll labelled GYFILE MERPH.
  1071 | D:2      | 1071 ||| READING scroll labelled RIF MECZEWKI.
  1072 | D:2      | 1072 ||| READING scroll labelled GATUHU PIBLUH.
  1073 | D:2      | 1073 ||| READING scroll labelled HON MYWUESIGH.
  1074 | D:2      | 1074 ||| READING scroll labelled ZEEBBU HONKO.
  1175 | D:2      | 1175 ||| DRINKING 2 fuming ruby potions.
  1176 | D:2      | 1176 ||| DRINKING 2 metallic black potions.
  1177 | D:2      | 1177 ||| DROPPING potion of flight.
  1488 | D:1      | 1488 ||| Stepping randomly (stuck).
  1489 | D:1      | 1489 ||| INVOKING Fiery Armour.
  1930 | D:2      | 1930 ||| READING 2 scrolls labelled APTE GAIXTUHAOPH.
  1966 | D:3      | 1966 ||| Stepping ~*~*~tactically~*~*~ (hiding).
  1969 | D:3      | 1969 ||| FLEEEEING.
  1970 | D:3      | 1970 ||| STAIRDANCE
  1973 | D:2      | Reached XP level 4. HP: 24/44 MP: 4/4
  2009 | D:3      | 2009 ||| STAIRDANCE
  2018 | D:3      | 2018 ||| Stepping ~*~*~tactically~*~*~ (hiding).
  2019 | D:3      | 2019 ||| Stepping ~*~*~tactically~*~*~ (hiding).
  2026 | D:3      | Reached skill level 5 in Unarmed Combat
  2103 | D:3      | 2103 ||| Stepping ~*~*~tactically~*~*~ (stealth).
  2107 | D:3      | 2107 ||| Stepping ~*~*~tactically~*~*~ (stealth).
  2112 | D:3      | 2112 ||| Stepping ~*~*~tactically~*~*~ (stealth).
  2113 | D:3      | 2113 ||| Stepping ~*~*~tactically~*~*~ (hiding).
  2168 | D:3      | 2168 ||| Stepping ~*~*~tactically~*~*~ (stealth).
  2204 | D:3      | Found a hide-covered altar of Uskayaw.
  2480 | D:3      | 2480 ||| Stepping ~*~*~tactically~*~*~ (stealth).
  2644 | D:3      | 2644 ||| DRINKING 2 cyan potions.
  2645 | D:3      | 2645 ||| DRINKING 2 sedimented coppery potions.
  2646 | D:3      | 2646 ||| READING 3 scrolls of identify.
  2646 | D:3      | 2646 ||| IDENTIFYING fuming amethyst potion
  2647 | D:3      | 2647 ||| READING 2 scrolls of identify.
  2647 | D:3      | 2647 ||| IDENTIFYING ruby potion
  2648 | D:3      | 2648 ||| DROPPING potion of magic.
  2649 | D:3      | 2649 ||| DROPPING potion of ambrosia.
  2709 | D:4      | 2709 ||| Stepping ~*~*~tactically~*~*~ (stealth).
  2716 | D:4      | 2716 ||| Stepping ~*~*~tactically~*~*~ (stealth).
  2717 | D:4      | 2717 ||| Stepping ~*~*~tactically~*~*~ (stealth).
  2718 | D:4      | 2718 ||| Stepping ~*~*~tactically~*~*~ (stealth).
  2719 | D:4      | 2719 ||| Stepping ~*~*~tactically~*~*~ (stealth).
  2720 | D:4      | 2720 ||| Stepping ~*~*~tactically~*~*~ (stealth).
  2726 | D:4      | Reached XP level 5. HP: 48/50 MP: 5/5
  2758 | D:4      | Found a stormy altar of Qazlal.
  2799 | D:4      | Reached skill level 6 in Unarmed Combat
  2904 | D:4      | 2904 ||| Stepping ~*~*~tactically~*~*~ (hiding).
  2939 | D:4      | 2939 ||| Stepping ~*~*~tactically~*~*~ (stealth).
  3015 | D:4      | Found Tyfan's Jewellery Emporium.
  3015 | D:4      | Noticed Robin
  3017 | D:4      | 3017 ||| INVOKING Fiery Armour.
  3022 | D:4      | 3022 ||| Stepping ~*~*~tactically~*~*~ (outnumbered).
  3023 | D:4      | 3023 ||| Stepping ~*~*~tactically~*~*~ (outnumbered).
  3024 | D:4      | 3024 ||| Stepping ~*~*~tactically~*~*~ (outnumbered).
  3026 | D:4      | 3026 ||| Stepping ~*~*~tactically~*~*~ (outnumbered).
  3027 | D:4      | 3027 ||| Stepping ~*~*~tactically~*~*~ (outnumbered).
  3030 | D:4      | 3030 ||| Stepping ~*~*~tactically~*~*~ (outnumbered).
  3033 | D:4      | Killed Robin
  3047 | D:4      | 3047 ||| SHOPLISTING +4 ring of slaying (936 gold, have
                  | 234).
  3047 | D:4      | 3047 ||| SHOPLISTING +6 ring of strength (432 gold, have
                  | 234).
  3047 | D:4      | 3047 ||| SHOPLISTING amulet "Rotakeon" {Faith rElec rF+
                  | Stlth+} (765 gold, have 234).
  3047 | D:4      | 3047 ||| SHOPLISTING ring "Inarph" {Fire Int-3 Dex+5} (434
                  | gold, have 234).
  3047 | D:4      | 3047 ||| SHOPLISTING ring of positive energy (240 gold,
                  | have 234).
  3047 | D:4      | 3047 ||| SHOPLISTING ring of protection from cold (300
                  | gold, have 234).
  3106 | D:4      | 3106 ||| Stepping ~*~*~tactically~*~*~ (stealth).
  3107 | D:4      | 3107 ||| Stepping ~*~*~tactically~*~*~ (stealth).
  3108 | D:4      | 3108 ||| Stepping ~*~*~tactically~*~*~ (stealth).
  3109 | D:4      | 3109 ||| Stepping ~*~*~tactically~*~*~ (stealth).
  3288 | D:4      | 3288 ||| UPGRADING to ring of willpower.
  3289 | D:4      | 3289 ||| READING 2 scrolls labelled JUVVEU IWOSK.
  3294 | D:4      | 3294 ||| READING 2 scrolls labelled OSEESTR FIOME.
  3295 | D:4      | 3295 ||| READING 2 scrolls labelled EWKOOL BIOMU.
  3296 | D:4      | 3296 ||| READING scroll labelled VOPHAIRAEWO.
  3297 | D:4      | 3297 ||| READING scroll labelled UMEKIRYEMA.
  3298 | D:4      | 3298 ||| DRINKING 2 murky inky potions.
  3299 | D:4      | 3299 ||| DRINKING 2 yellow potions.
  3300 | D:4      | 3300 ||| DRINKING 2 dark potions.
  3301 | D:4      | 3301 ||| READING 4 scrolls of identify.
  3301 | D:4      | 3301 ||| IDENTIFYING green potion
  3302 | D:4      | 3302 ||| READING 3 scrolls of identify.
  3302 | D:4      | 3302 ||| IDENTIFYING fizzy black potion
  3303 | D:4      | 3303 ||| DROPPING potion of invisibility.
  3304 | D:4      | 3304 ||| DROPPING scroll of fear.
  3305 | D:4      | 3305 ||| DROPPING potion of attraction.
  3306 | D:4      | 3306 ||| DROPPING potion of berserk rage.
  3307 | D:4      | 3307 ||| DROPPING scroll of magic mapping.
  3312 | D:5      | Entered Level 5 of the Dungeon
  3313 | D:5      | 3313 ||| PLANNING SEWER
  3332 | D:5      | Reached XP level 6. HP: 59/59 MP: 6/6
  3359 | D:5      | Reached skill level 7 in Unarmed Combat
  3360 | D:5      | Found a staircase to the Ecumenical Temple.
  3551 | D:5      | Found a shimmering blue altar of Sif Muna.
  3564 | D:5      | Found a white marble altar of Elyvilon.
  3747 | D:5      | Found a runed translucent gate.
  3749 | D:5      | Found a runed translucent gate.
  3750 | D:5      | Found a runed translucent gate.
  3750 | D:5      | Identified the +7 sling "Mojett" {venom, Str+3 Int+3}
  3750 | D:5      | Identified the +2 leather armour "Poer" {rPois}
  3751 | D:5      | Noticed qw's ghost (amateur TeWr)
  3753 | D:5      | Identified the +7 chain mail of Beyond {Harm rF+++ Slay-5
                  | SInv}
  3753 | D:5      | Noticed an orc warrior
  3901 | D:5      | 3901 ||| INVOKING Fiery Armour.
  3909 | D:5      | Reached skill level 8 in Unarmed Combat
  3958 | D:5      | Reached XP level 7. HP: 66/66 MP: 7/7
  3963 | D:5      | Found a broken altar of Ashenzari.
  3967 | D:5      | Saw a vision of the Shoals and the Snake Pit.
  3967 | D:5      | Noticed a salamander
  3967 | D:5      | Noticed a wind drake
  3967 | D:5      | Noticed a merfolk impaler
  3967 | D:5      | Noticed a snapping turtle
  3967 | D:5      | Noticed a water nymph
  3967 | D:5      | Noticed a merfolk impaler
  3967 | D:5      | Noticed a shock serpent
  3967 | D:5      | Noticed a sea snake
  3967 | D:5      | Noticed a naga sharpshooter
  3968 | D:5      | Noticed a merfolk aquamancer
  3968 | D:5      | Noticed a manticore
  3977 | D:5      | 3977 ||| RIP SEWER
  3997 | D:5      | 3997 ||| PLANNING D:1-11
  4099 | D:5      | 4099 ||| READING scroll labelled IKKOMO SYWODDOD.
  4100 | D:5      | 4100 ||| READING scroll of teleportation.
  4216 | D:5      | 4216 ||| Stepping randomly (stuck).
  4218 | D:5      | 4218 ||| Stepping randomly (stuck).
  4350 | D:5      | 4350 ||| Stepping randomly (stuck).
  4442 | D:6      | Found Xioniw's General Store.
  4447 | D:6      | 4447 ||| BUYING potion of curing (33 gold).
  4447 | D:6      | Bought a potion of curing for 33 gold pieces
  4471 | D:6      | 4471 ||| Stepping ~*~*~tactically~*~*~ (hiding).
  4475 | D:6      | Reached skill level 3 in Fighting
  4530 | D:6      | Found Voffeuq's Assorted Antiques.
  4539 | D:6      | 4539 ||| BUYING scroll labelled RIRURCHOAFU (31 gold).
  4539 | D:6      | Bought a scroll labelled RIRURCHOAFU for 31 gold pieces
  4539 | D:6      | 4539 ||| BUYING smoky inky potion (27 gold).
  4539 | D:6      | Bought a smoky inky potion for 27 gold pieces
  4572 | D:6      | Found an ornate altar of the Wu Jian Council.
  4768 | D:6      | 4768 ||| Stepping ~*~*~tactically~*~*~ (outnumbered).
  4773 | D:6      | Reached skill level 9 in Unarmed Combat
  4778 | D:6      | Reached skill level 1 in Dodging
  4822 | D:6      | 4822 ||| Stepping ~*~*~tactically~*~*~ (outnumbered).
  4875 | D:6      | 4875 ||| INVOKING Fiery Armour.
  4877 | D:6      | Reached skill level 1 in Throwing
  4877 | D:6      | Reached XP level 8. HP: 29/75 MP: 8/8
  4984 | D:6      | Reached skill level 10 in Unarmed Combat
  5303 | D:6      | 5303 ||| UPGRADING to +0 robe of fire resistance.
  5313 | D:6      | 5313 ||| DROPPING +0 robe.
  5314 | D:6      | 5314 ||| READING scroll labelled RIRURCHOAFU.
  5350 | D:6      | 5350 ||| READING 4 scrolls of identify.
  5350 | D:6      | 5350 ||| IDENTIFYING smoky inky potion
  5351 | D:6      | 5351 ||| DROPPING potion of lignification.
  5382 | D:7      | 5382 ||| STAIRDANCE
  5448 | D:7      | Found a shimmering altar of Xom.
  5507 | D:7      | 5507 ||| Stepping ~*~*~tactically~*~*~ (hiding).
  5515 | D:7      | 5515 ||| Stepping ~*~*~tactically~*~*~ (stealth).
  5516 | D:7      | 5516 ||| Stepping ~*~*~tactically~*~*~ (stealth).
  5530 | D:7      | 5530 ||| Stepping ~*~*~tactically~*~*~ (stealth).
  5532 | D:7      | 5532 ||| Stepping ~*~*~tactically~*~*~ (stealth).
  5534 | D:7      | 5534 ||| Stepping ~*~*~tactically~*~*~ (stealth).
  5536 | D:7      | 5536 ||| Stepping ~*~*~tactically~*~*~ (hiding).
  5538 | D:7      | 5538 ||| Stepping ~*~*~tactically~*~*~ (hiding).
  5539 | D:7      | 5539 ||| Stepping ~*~*~tactically~*~*~ (hiding).
  5547 | D:7      | 5547 ||| DRINKING 4 potions of curing.
  5547 | D:7      | 5547 ||| (to cure confusion)
  5640 | D:7      | 5640 ||| FLEEEEING.
  5700 | D:7      | Found a burning altar of Makhleb.
  5875 | D:8      | 5875 ||| Stepping ~*~*~tactically~*~*~ (stealth).
  5879 | D:8      | 5879 ||| Stepping ~*~*~tactically~*~*~ (hiding).
  5880 | D:8      | 5880 ||| STAIRDANCE
  5883 | D:7      | Reached skill level 11 in Unarmed Combat
  5883 | D:7      | Reached XP level 9. HP: 84/84 MP: 9/9
  5985 | D:8      | 5985 ||| STAIRDANCE
  5987 | D:7      | 5987 ||| Stepping ~*~*~tactically~*~*~ (outnumbered).
  5988 | D:7      | 5988 ||| Stepping ~*~*~tactically~*~*~ (outnumbered).
  5989 | D:7      | 5989 ||| Stepping ~*~*~tactically~*~*~ (outnumbered).
  5990 | D:7      | 5990 ||| Stepping ~*~*~tactically~*~*~ (outnumbered).
  5991 | D:7      | 5991 ||| Stepping ~*~*~tactically~*~*~ (outnumbered).
  5992 | D:7      | 5992 ||| Stepping ~*~*~tactically~*~*~ (outnumbered).
  5994 | D:7      | 5994 ||| Stepping ~*~*~tactically~*~*~ (outnumbered).
  5995 | D:7      | 5995 ||| Stepping ~*~*~tactically~*~*~ (outnumbered).
  6030 | D:8      | 6030 ||| STAIRDANCE
  6039 | D:8      | 6039 ||| STAIRDANCE
  6065 | D:8      | 6065 ||| STAIRDANCE
  6138 | D:8      | 6138 ||| Stepping ~*~*~tactically~*~*~ (stealth).
  6139 | D:8      | 6139 ||| Stepping ~*~*~tactically~*~*~ (stealth).
  6139 | D:8      | Noticed Erica
  6140 | D:8      | 6140 ||| INVOKING Fiery Armour.
  6144 | D:8      | Reached skill level 12 in Unarmed Combat
  6145 | D:8      | HP: 21/84 [killer bee (1)]
  6146 | D:8      | 6146 ||| DRINKING potion of heal wounds.
  6148 | D:8      | HP: 10/85 [Erica/+4 scimitar of flaming (7)]
  6148 | D:8      | HP: 2/85 [yak (8)]
  6149 | D:8      | Mangled by Erica

Levels and vault maps discovered:
D:1:      dpeg_arrival_caged_fury, layout_basic
D:2:      layout_basic, hellmonk_ecumenical_altar_blasted
D:3:      layout_loops_cross, eat_drink_and_be_merry_uskayaw
D:4:      layout_cave_pools, nicolae_qazlal_eye_of_the_storm, serial_shops,
          nicolae_shop_crystal, kennysheep_small_circle, uniq_robin
D:5:      layout_basic, mainiacjoe_overflow_boulevard, amcnicky_altar_gilded,
          grunt_ashenzari_visionary [grunt_ashenzari_visionary_shoals,
          grunt_ashenzari_visionary_snake], minmay_temple_entry_waves,
          cheibrodos_sewer_entry_bend, biasface_ghost_orc_armoury,
          nrook_mini_backslash
D:6:      layout_basic, lemuel_round_altar, serial_shops, shop_statue,
          nicolae_shop_overgrown_old_shop, kennysheep_generic_room_7
D:7:      layout_rooms, mainiacjoe_overflow_alcove_4, kennysheep_little_box,
          nrook_campfire, kennysheep_generic_room_16
D:8:      layout_loops_ring, tgw_trog, serial_shops, nicolae_shop_stone,
          kennysheep_nondescript, chequers_mini_garden, uniq_erica

Skill      XL: |  1  2  3  4  5  6  7  8  9 |
---------------+----------------------------+-----
Unarmed Combat | 4 5 6 8 9 11 12 | 12.1
Fighting       | 3 4 |  4.3
Dodging        | 1 |  1.1
Throwing       | 1 |  1.9
Spellcasting   | |  1.0
Fire Magic     | |  2.1

Action                   |  1- 3 |  4- 6 |  7- 9 || total
-------------------------+-------+-------+-------++-------
Melee: Unarmed           |   106 |   143 |   166 ||   415
       Punch             |     2 |       |     3 ||     5
Throw: Boomerang         |       |    26 |    24 ||    50
Invok: Fiery Armour      |     1 |     2 |     2 ||     5
  Use: Scroll            |     8 |     9 |     4 ||    21
       Potion            |     2 |     5 |     2 ||     9
Armor: Robe              |    26 |    39 |    48 ||   113
Dodge: Dodged            |    40 |    45 |    79 ||   164

Table legend:
 A = Non-vault XP
 B = Vault XP
 C = Vault XP percentage of total XP
 D = Non-vault monster count
 E = Vault monster count
 F = Vault count percentage of total count
                 A         B        C        D         E       F
            +---------+---------+-------+---------+---------+-------
      Total |    3658 |     225 |   5.8 |     133 |      35 |  20.8
            +---------+---------+-------+---------+---------+-------
        D:1 |      34 |      34 |  50.0 |      22 |      15 |  40.5
        D:2 |      31 |       0 |   0.0 |      13 |       0 |   0.0
        D:3 |      65 |       0 |   0.0 |      19 |       0 |   0.0
        D:4 |     150 |      46 |  23.5 |      15 |      15 |  50.0
        D:5 |     402 |      10 |   2.4 |      11 |       2 |  15.4
        D:6 |    1211 |      92 |   7.1 |      22 |       2 |   8.3
        D:7 |    1215 |      43 |   3.4 |      23 |       1 |   4.2
        D:8 |     550 |       0 |   0.0 |       8 |       0 |   0.0
            +---------+---------+-------+---------+---------+-------
